 Dungeon Crawl Stone Soup version 0.28.0-53-g5a82cb258f (webtiles) character file.

Game seed: 16422849539153670000

626 kudzoo the Archer (level 7, -1/61 HPs)
             Began as a Minotaur Hunter on July 14, 2022.
             Slain by a killer bee (3 damage)
             ... on level 4 of the Dungeon.
             The game lasted 00:36:25 (1512 turns).

kudzoo the Archer (Minotaur Hunter)                 Turns: 1512, Time: 00:36:25

Health: -1/61      AC:  3    Str: 17    XL:     7   Next: 23%
Magic:  6/6        EV: 12    Int:  8    God:
Gold:   158        SH:  0    Dex: 12    Spells: 6/6 levels left

rFire   . . .      SeeInvis .   a - +1 shortbow
rCold   . . .      Faith    .   (shield currently unavailable)
rNeg    + . .      Spirit   .   c - +0 leather armour
rPois   .          Reflect  .   (helmet restricted)
rElec   .          Harm     .   (no cloak)
rCorr   .          Rampage  .   (no gloves)
Will    .....                   (no boots)
Stlth   +.........              (no amulet)
HPRegen 0.20/turn               s - ring of positive energy
MPRegen 0.10/turn               (no ring)

@: no status effects
A: horns 2, retaliatory headbutt
a: no special abilities


You were on level 4 of the Dungeon.
You visited 1 branch of the dungeon, and saw 5 of its levels.

You collected 158 gold pieces.

Inventory:

Hand Weapons
 a - a +1 shortbow (weapon)
 b - a +0 short sword
 e - a +0 dagger
 g - a +0 mace
 h - a +0 short sword
 j - a +0 dagger
 n - a +0 giant spiked club
 o - a +0 long sword
Missiles
 d - 13 arrows (quivered ammo)
 r - 25 stones
 t - 8 sling bullets
Armour
 c - a +0 leather armour (worn)
 i - a +0 robe
 m - a +0 ring mail
Jewellery
 s - a ring of positive energy (left hand)
Wands
 f - a wand of iceblast (7)
Scrolls
 l - a scroll of identify {unknown}
 p - a scroll of summoning {unknown}
 q - a scroll of enchant weapon {unknown}
 v - a scroll of teleportation {unknown}


   Skills:
 + Level 5.1 Fighting
 + Level 1.0 Short Blades
 + Level 8.1 Bows
 + Level 2.0 Armour
 + Level 2.4 Dodging
 + Level 1.1 Stealth


You had 6 spell levels left.
You didn't know any spells.
Your spell library was empty.

Dungeon Overview and Level Annotations

Branches:
Dungeon (5/15)
 Temple: D:4-7

Altars:

Annotations:
D:4 3 runed translucent doors, MiltankisOP's ghost, amateur VSFi; kerlis's ghost, amateur MiBe


Innate Abilities, Weirdness & Mutations

You have a pair of horns on your head.
You reflexively headbutt those who attack you in melee.


Message History

It was a potion of cancellation.
You feel magically purged.
You feel sick. The killer bee stings you.
* * * LOW HITPOINT WARNING * * *
The killer bee stings you but does no damage.
It was a potion of magic.
Magic courses through your body.
You feel sick. The killer bee closely misses you. The killer bee stings you.
* * * LOW HITPOINT WARNING * * *
* * * LOW HITPOINT WARNING * * *
You feel sick.
* * * LOW HITPOINT WARNING * * *
You feel sick.
You are no longer poisoned.
The killer bee closely misses you. The killer bee closely misses you.
You furiously retaliate!
You headbutt the killer bee! The killer bee barely misses you.
Fire: 15 arrows
Press: ? - help, Shift-Dir - straight line, f - killer bee, p - killer bee
Aim: a killer bee (moderately wounded, 38% to hit)
You shoot an arrow. The arrow hits the killer bee.
You kill the killer bee!
The killer bee misses you. The killer bee barely misses you.
You furiously retaliate!
You headbutt the killer bee, but do no damage.
The killer bee stings you but does no damage.
Your Fighting skill increases to level 5!
Your Bows skill increases to level 8!
Your Armour skill increases to level 2!
Fire: 14 arrows
Press: ? - help, Shift-Dir - straight line, f/p - killer bee
Aim: a killer bee (moderately wounded, 40% to hit)
You shoot an arrow. The arrow hits the killer bee!
You kill the killer bee!
Fire: 13 arrows
Press: ? - help, Shift-Dir - straight line, f/p - killer bee
Aim: a killer bee (moderately wounded, 40% to hit)
Aiming: Iceblast
Press: ? - help, Shift-Dir - straight line, f/p - killer bee
Aim: a killer bee (moderately wounded)
Okay, then.
The killer bee stings you.
You die...

##.## ##.## #..#.....
##.###...# ##....#...
#..##...# ##.........
##......# ##(.#.......
##.....#
###..##....... #.....#
##..#####......
##...#####..## #..#...
##..###.yy## #..###.
#...#@y### #..# #
##....## .# ####....##
###...###..## .###
####...### ##..#
#...##
####...#....#####.##
#.....#
#...###.....<...#..##
##.......
..####...........#..##
#........
#####............##..#
##........


You could see 3 killer bees.

Vanquished Creatures
  A black bear (D:4)
  A hornet zombie (D:4)
  An ogre (D:4)
  A scorpion (D:5)
  A water moccasin zombie (D:3)
  3 killer bees (D:4)
  A hound (D:4)
  A jelly (D:4)
  An adder (D:3)
  An adder skeleton (D:4)
  A worm (D:3)
  4 dart slugs
  2 endoplasms
  A giant cockroach (D:4)
  4 goblins
  A hobgoblin (D:1)
  4 kobolds
  5 ball pythons
  2 bats
  A frilled lizard (D:1)
37 creatures vanquished.

Notes
Turn   | Place    | Note
-------+----------+-------------------------------------------
     0 | D:1      | kudzoo the Minotaur Hunter began the quest for the Orb.
     0 | D:1      | Reached XP level 1. HP: 18/18 MP: 0/0
   160 | D:1      | Reached XP level 2. HP: 18/25 MP: 1/1
   311 | D:1      | Reached skill level 5 in Bows
   440 | D:3      | Reached skill level 1 in Armour
   440 | D:3      | Reached XP level 3. HP: 18/30 MP: 2/2
   440 | D:3      | Reached XP level 4. HP: 23/37 MP: 3/3
   521 | D:4      | Noticed an ogre
   531 | D:4      | Killed an ogre
   532 | D:4      | Reached skill level 6 in Bows
   532 | D:4      | Reached XP level 5. HP: 35/45 MP: 4/4
   583 | D:5      | Entered Level 5 of the Dungeon
   647 | D:4      | Found a runed translucent gate.
   647 | D:4      | Found a runed translucent gate.
   647 | D:4      | Found a runed translucent gate.
   647 | D:4      | Noticed MiltankisOP's ghost (amateur VSFi)
   648 | D:4      | Noticed kerlis's ghost (amateur MiBe)
   872 | D:4      | Noticed a black bear
   895 | D:4      | Killed a black bear
   896 | D:4      | Reached skill level 7 in Bows
   896 | D:4      | Reached XP level 6. HP: 31/52 MP: 5/5
   904 | D:4      | Reached skill level 1 in Stealth
  1493 | D:4      | Reached skill level 1 in Short Blades
  1493 | D:4      | Reached XP level 7. HP: 60/60 MP: 6/6
  1505 | D:4      | HP: 2/60 [killer bee (4)]
  1510 | D:4      | Reached skill level 5 in Fighting
  1510 | D:4      | Reached skill level 8 in Bows
  1512 | D:4      | Slain by a killer bee

Illustrated notes

Levels and vault maps discovered:
D:1:      minmay_arrival_three_doors, layout_basic,
          hellmonk_ecumenical_altar_lost_god, minivault_23
D:2:      layout_basic
D:3:      layout_loops_corners, uniq_terence
D:4:      layout_cave_pods, nzn_wu_jian_council_hall, gammafunk_ghost_cemetery
D:5:      minmay_clustersquares, layout_rooms, minmay_temple_entry_waves,
          uniq_sigmund

Skill      XL: |  1  2  3  4  5  6  7 |
---------------+----------------------+-----
Bows           | 5 6 7 8 |  8.1
Armour         | 1 2 |  2.0
Fighting       | 3 4 5 |  5.1
Stealth        | 1 |  1.1
Short Blades   | 1 |  1.0
Dodging        | |  2.4

Action                   |  1- 3 |  4- 6 |  7- 9 || total
-------------------------+-------+-------+-------++-------
Melee: Short sword       |     8 |    13 |       ||    21
       Headbutt          |     3 |     2 |       ||     5
 Fire: Shortbow          |    48 |    58 |     5 ||   111
  Use: Potion            |       |     1 |     2 ||     3
Armor: Leather armour    |     2 |     5 |     2 ||     9
Dodge: Dodged            |    13 |    24 |    13 ||    50
